Map: 데이터-C

Players

ByuN - Winner!

  • Race: Terran Terran
  • Spawn Location: 9:00

Kelazhur

  • Race: Terran Terran
  • Spawn Location: 3:00

Event: DreamHack SC2 Masters 2022 Atlanta (Offline)

VOD

Have the link to the VOD?

Description

Time

  • Played on: Nov. 18, 2022, 7:44 p.m.
  • Length: 10:42

All games in this series

Show
View Real Time Build Order
Export as new Build Order

ByuN Terran - Winner!

Build Orders:  

Get SALT Encoding   

  12  0:00  SCV  
  13  0:12  SCV  
  14  0:16  Supply Depot  
  14  0:24  SCV  
  15  0:38  SCV  
  15  0:40  Barracks  
  16  0:43  Refinery  
  16  0:50  SCV  
  16  0:52  Refinery  
  17  1:02  SCV  
  18  1:14  SCV  
  19  1:26  Reaper  
  19  1:27  Orbital Command  
  20  1:33  Supply Depot  
  20  1:40  Factory  
  20  1:52  SCV  
  21  1:59  Reaper  
  22  2:04  SCV  
  23  2:18  SCV  
  23  2:22  Command Center  
  24  2:28  Hellion  
  26  2:30  SCV  
  26  2:35  Barracks Reactor  
  27  2:41  Starport  
  27  2:43  SCV  
  28  2:49  Supply Depot  
  28  2:54  Widow Mine  
  28  2:55  SCV  
  31  3:10  SCV  
  31  3:11  Marine x2  
  34  3:16  Factory Tech Lab  
  34  3:18  Medivac  
  36  3:22  SCV  
  37  3:29  Marine x2  
  39  3:35  SCV, Orbital Command  
  40  3:43  Cyclone  
  40  3:47  SCV  
  44  3:49  Marine  
  44  3:50  Marine  
  44  3:51  Starport Tech Lab  
  46  4:01  Refinery  
  47  4:03  SCV x2  
  47  4:08  Supply Depot  
  48  4:12  Raven  
  48  4:14  Marine x2  
  48  4:15  SCV x2  
  54  4:24  Supply Depot  
  54  4:27  SCV  
  54  4:29  SCV  
  54  4:35  Siege Tank  
  54  4:36  Marine x2  
  59  4:39  SCV  
  59  4:41  SCV  
  61  4:51  SCV  
  62  4:53  SCV, Marine  
  62  4:54  Marine  
  58  5:01  Raven  
  58  5:03  SCV  
  58  5:05  SCV  
  62  5:11  Command Center, Marine x2  
  64  5:16  SCV  
  64  5:18  SCV  
  64  5:20  Siege Tank  
  69  5:24  Supply Depot  
  69  5:28  SCV  
  70  5:30  Refinery  
  70  5:34  Supply Depot  
  70  5:45  SCV  
  74  5:53  SCV, Siege Tank  
  74  5:56  Barracks x2  
  75  5:58  SCV  
  75  6:03  Supply Depot  
  76  6:05  SCV, Marine, Viking  
  76  6:06  Viking  
  76  6:10  SCV, Stimpack  
  83  6:17  SCV  
  84  6:22  SCV  
  84  6:23  Marine  
  84  6:25  Siege Tank, Orbital Command  
  89  6:27  Engineering Bay  
  89  6:29  SCV  
  90  6:35  SCV  
  91  6:40  Viking, Orbital Command  
  91  6:41  SCV  
  91  6:44  Barracks Reactor x2  
  96  6:48  Engineering Bay  
  96  6:49  SCV  
  97  6:55  Supply Depot  
  97  6:57  Terran Infantry Weapons Level 1  
  97  6:59  SCV  
  98  7:01  SCV  
  98  7:04  Siege Tank  
  98  7:07  SCV  
  103  7:11  SCV  
  103  7:13  SCV  
  103  7:14  Viking  
  103  7:15  Viking  
  106  7:19  SCV  
  106  7:20  Terran Infantry Armor Level 1  
  106  7:21  Marine x2  
  106  7:22  Marine x2  
  111  7:24  SCV, Marine  
  111  7:25  SCV  
  114  7:32  SCV  
  114  7:36  SCV, Siege Tank  
  116  7:38  SCV  
  117  7:44  Barracks  
  117  7:45  Barracks  
  117  7:50  SCV x3  
  117  7:54  Marine x2  
  107  8:02  SCV x3  
  107  8:03  Marine x3  
  107  8:08  Siege Tank  
  107  8:12  Medivac x2, Marine x2  
  109  8:14  SCV x2  
  109  8:16  Refinery x2  
  106  8:21  Marine x3  
  103  8:30  Marine x2  
  105  8:39  Marine x3  
  105  8:40  Siege Tank  
  107  8:42  Armory  
  107  8:43  Barracks Reactor x2  
  107  8:47  Marine x2  
  109  8:51  Medivac x2  
  111  8:57  Combat Shield, Marine x2, Marauder  
  111  9:00  SCV  
  106  9:04  Command Center  
  106  9:05  Marine x2  
  104  9:13  Siege Tank  
  104  9:14  Marine x2  
  104  9:15  Sensor Tower  
  109  9:17  SCV x2  
  109  9:18  SCV, Marine  
  109  9:21  Viking x2  
  117  9:28  Supply Depot x2  
  117  9:29  Factory, Marine  
  117  9:31  Marine x2  
  117  9:32  Marine  
  117  9:39  Marine  
  117  9:41  Supply Depot  
  117  9:42  Marine x2  
  117  9:44  SCV  
  117  9:49  Marine x2  
  117  9:50  SCV x2, Siege Tank  
  117  9:51  Medivac x2  
  128  9:55  Supply Depot  
  128  9:57  SCV, Marine x3  
  128  9:58  Marine  
  133  10:02  Marine  
  133  10:03  SCV x2  
  133  10:05  Supply Depot  
  136  10:11  SCV  
  137  10:15  SCV x2, Marine x5  
  137  10:16  Marine  
  137  10:21  Marine  
Show
View Real Time Build Order
Export as new Build Order

Kelazhur Terran 

Build Orders:  

Get SALT Encoding   

  12  0:00  SCV  
  13  0:12  SCV  
  14  0:17  Supply Depot  
  14  0:24  SCV  
  15  0:38  SCV  
  15  0:39  Barracks  
  16  0:43  Refinery  
  16  0:50  SCV  
  16  0:53  Refinery  
  17  1:02  SCV  
  18  1:14  SCV  
  19  1:26  Reaper, Orbital Command  
  19  1:32  Supply Depot  
  20  1:44  Factory  
  20  1:52  SCV  
  21  1:58  Barracks Reactor  
  21  2:05  SCV  
  22  2:17  SCV  
  23  2:29  SCV  
  24  2:31  Command Center  
  24  2:33  Hellion  
  25  2:39  Reaper x2  
  25  2:41  SCV  
  28  2:49  Supply Depot  
  28  2:53  SCV  
  28  2:55  Widow Mine  
  30  3:05  SCV  
  31  3:12  Marine  
  31  3:13  Starport  
  31  3:17  SCV  
  33  3:20  Factory Tech Lab  
  33  3:28  Marine  
  33  3:30  SCV, Marine  
  36  3:39  Cyclone  
  39  3:42  SCV  
  39  3:43  Orbital Command  
  39  3:47  Marine  
  41  3:49  Marine  
  41  3:51  Starport Tech Lab  
  41  3:54  SCV  
  42  4:06  SCV, Marine  
  42  4:07  Marine  
  42  4:09  Raven  
  47  4:12  SCV  
  47  4:13  Refinery  
  48  4:19  SCV  
  48  4:20  Siege Tank  
  54  4:24  SCV  
  54  4:31  SCV  
  54  4:39  Supply Depot, SCV  
  54  4:43  SCV  
  53  4:51  SCV  
  53  4:52  Siege Tank  
  54  4:59  SCV  
  51  5:03  SCV  
  51  5:05  Command Center  
  52  5:08  Marine x2  
  52  5:11  SCV  
  55  5:14  Raven  
  55  5:15  SCV  
  55  5:16  Supply Depot  
  58  5:23  SCV  
  58  5:26  Supply Depot  
  58  5:27  SCV  
  60  5:36  SCV  
  60  5:37  Siege Tank  
  60  5:39  Marine x2  
  60  5:41  SCV  
  65  5:48  SCV  
  66  5:53  SCV  
  67  6:00  SCV  
  68  6:04  Supply Depot  
  68  6:05  SCV  
  68  6:07  Viking x2  
  73  6:12  SCV, Marine  
  73  6:13  Siege Tank  
  78  6:18  Orbital Command  
  78  6:19  Stimpack  
  78  6:22  SCV  
  78  6:23  Barracks x2  
  78  6:24  SCV  
  78  6:25  Refinery  
  78  6:34  SCV  
  78  6:36  SCV  
  78  6:39  Viking x2  
  84  6:41  Marine  
  84  6:46  SCV  
  86  6:48  SCV  
  86  6:51  Siege Tank  
  90  6:58  SCV  
  90  7:00  SCV  
  92  7:09  Viking x2  
  96  7:16  SCV  
  96  7:19  Barracks Reactor, Marine  
  98  7:26  SCV  
  99  7:36  Marine  
  100  7:37  SCV  
  94  7:52  SCV, Viking  
  94  7:54  Siege Tank  
  94  7:55  Viking  
  94  7:57  SCV, Marine  
  94  7:58  Marine x2  
  93  7:59  Marine  
  93  8:04  SCV  
  89  8:13  SCV  
  89  8:15  Marine  
  89  8:16  Marine x2  
  89  8:17  SCV, Marine  
  86  8:22  Viking  
  86  8:25  Viking  
  81  8:28  Siege Tank  
  81  8:31  SCV  
  81  8:33  Marine x3  
  87  8:34  SCV  
  87  8:35  Marine  
  87  8:44  SCV, Orbital Command  
  87  8:45  Engineering Bay x2  
  87  8:48  SCV, Barracks x2  
  87  8:50  Marine  
  87  8:51  Marine x2  
  87  8:52  Viking, Marine  
  93  8:57  SCV  
  93  9:00  SCV  
  83  9:03  Siege Tank  
  83  9:08  Marine  
  83  9:09  Marine  
  87  9:10  SCV x2  
  87  9:12  Barracks Reactor, SCV, Combat Shield  
  88  9:18  Missile Turret  
  88  9:19  Missile Turret  
  88  9:20  Marine  
  88  9:22  SCV x2, Sensor Tower  
  89  9:24  SCV  
  80  9:34  SCV x2  
  80  9:35  Marine  
  80  9:36  SCV  
  80  9:38  Siege Tank  
  87  9:39  Marine  
  86  9:46  SCV x2  
  86  9:48  SCV  
  86  9:50  Marine  
  86  9:51  Marine  
  91  9:58  SCV x2  
  93  10:02  Refinery x2  
  93  10:03  Barracks Reactor, Command Center  
  93  10:06  Supply Depot  
  93  10:07  Supply Depot  
  93  10:10  SCV x2, Medivac x2, Marine x2  
  101  10:15  SCV  
Tags
 
Add a new tag
Caveats
  • Supply blocks, unpowered buildings, or Contaminate may cause inaccurate times.
  • Supply counts are checked every 10 seconds.